 Dungeon Crawl Stone Soup version 0.31-a0-1370-gf52a5a9ab3 (webtiles) character file.

Game seed: 9669949694835464868

212 croobank the Firebug (level 5, 0/40 HPs)
             Began as a Demigod Fire Elementalist on Dec 23, 2023.
             Slain by Duvessa
             ... wielding a +0 short sword
              (4 damage)
             ... on level 4 of the Dungeon.
             The game lasted 00:07:04 (4536 turns).

croobank the Firebug (Demigod Fire Elementalist)    Turns: 4536, Time: 00:07:04

Health: 0/40       AC:  6    Str:  9    XL:     5   Next: 31%
Magic:  5/11       EV: 12    Int: 21    God:
Gold:   179        SH:  5    Dex: 14    Spells: 3/9 levels left

rFire   . . .        c - +1 dagger (drain)
rCold   . . .        (no shield)
rNeg    . . .        p - +3 leather armour
rPois   .            (no helmet)
rElec   .            (no cloak)
rCorr   .            (no gloves)
SInv    .            (no boots)
Will    .....        m - amulet of reflection
Stlth   ++           (no ring)
HPRegen 0.26/turn    (no ring)
MPRegen 0.12/turn

%: reflection
@: no status effects
A: high MP 1, forlorn, divine attributes
a: no special abilities


You were on level 4 of the Dungeon.
You visited 1 branch of the dungeon, and saw 4 of its levels.

You collected 179 gold pieces.

Inventory:

Hand Weapons
 c - a +1 dagger of draining (weapon)
 j - a +0 halberd of protection
Missiles
 r - 5 javelins
 s - 2 poisoned darts
Armour
 a - a +1 robe
 p - a +3 leather armour (worn)
Jewellery
 m - an amulet of reflection (around neck)
Scrolls
 k - 2 scrolls of identify {unknown}
 l - a scroll of poison {unknown}
 o - a scroll of teleportation {unknown}
 q - a scroll of enchant armour
 t - 2 scrolls of noise {unknown}
 v - a scroll of amnesia {unknown}
Potions
 d - a potion of attraction {unknown}
 e - 2 potions of heal wounds {unknown}
 f - a potion of enlightenment {unknown}
 g - a potion of cancellation {unknown}
 h - a potion of ambrosia {unknown}
 i - 2 potions of lignification {unknown}
 n - a potion of curing {unknown}
 u - a potion of might {unknown}


   Skills:
 + Level 1.5 Fighting
 * Level 1.2 Armour
 + Level 2.6 Dodging
 + Level 2.6 Stealth
 + Level 2.5 Spellcasting
 + Level 2.0 Conjurations
 + Level 3.3 Fire Magic


You had 3 spell levels left.
You knew the following spells:

 Your Spells              Type           Power      Damage    Failure   Level
a - Foxfire               Conj/Fire      52%        2x1d6     6%          1
b - Scorch                Fire           32%        2d6       8%          2
c - Inner Flame           Hex/Fire       9%         N/A       28%         3

Your spell library contained the following spells:

 Spells                   Type           Power      Damage    Failure   Level
 Ensorcelled Hibernation  Hex/Ice        4%         N/A       28%         2
 Passwall                 Alch/Erth      1%         N/A       28%         2
 Volatile Blastmotes      Fire/Tloc      18%        2d11      28%         3
 Dazzling Flash           Conj/Hex       12%        N/A       36%         3
 Swiftness                Air            2%         N/A       50%         3
 Flame Wave               Conj/Fire      13%        2d6       54%         4
 Starburst                Conj/Fire      6%         6d4       100%        6
 Maxwell's Capacitive Co  Air            1%         ∞         100%        8


Dungeon Overview and Level Annotations

Branches:
Dungeon (4/15)
 Temple: D:4-7

Annotations:
D:4 Duvessa


Innate Abilities, Weirdness & Mutations

You have an increased reservoir of magic. (+10% MP)
You shall have no god before yourself.
Your divine heritage dramatically boosts your attributes as you level up.


Message History

Confirm with . or Enter, or press ? or * to list all spells.
Flames lash Duvessa.
Duvessa is burned terribly!
Duvessa is moderately wounded.
Duvessa barely misses you.
Casting: Scorch (safe; 8% risk of failure)
Confirm with . or Enter, or press ? or * to list all spells.
Flames lash Duvessa.
Duvessa is burned terribly!
Duvessa is moderately wounded.
Duvessa hits you with a +0 short sword! x2
Casting: Scorch (safe; 8% risk of failure)
Confirm with . or Enter, or press ? or * to list all spells.
Flames lash Duvessa.
Duvessa is burned terribly!
Duvessa is heavily wounded.
Duvessa barely misses you.
Casting: Scorch (safe; 8% risk of failure)
Confirm with . or Enter, or press ? or * to list all spells.
Flames lash Duvessa.
Duvessa is burned terribly!
Duvessa is heavily wounded.
Duvessa hits you with a +0 short sword. Duvessa closely misses you.
Casting: Scorch (safe; 8% risk of failure)
Confirm with . or Enter, or press ? or * to list all spells.
You don't have enough magic to cast this spell.
Magic courses through your body. Duvessa hits you but does no damage.
Casting: Scorch (safe; 8% risk of failure)
Confirm with . or Enter, or press ? or * to list all spells.
Flames lash Duvessa but do no damage.
Duvessa hits you with a +0 short sword.
* * * LOW HITPOINT WARNING * * *
Duvessa hits you with a +0 short sword.
* * * LOW HITPOINT WARNING * * *
Casting: Scorch (safe; 8% risk of failure)
Confirm with . or Enter, or press ? or * to list all spells.
Flames lash Duvessa.
Duvessa is burned terribly!
Duvessa is severely wounded.
Duvessa hits you but does no damage.
Casting: Scorch (safe; 8% risk of failure)
Confirm with . or Enter, or press ? or * to list all spells.
Flames lash Duvessa.
Duvessa is burned terribly!
Duvessa is almost dead.
Duvessa barely misses you. Duvessa hits you with a +0 short sword.
You die...

....... ##### #.......
#⌠8⌠# .# ...<....
'...#.#.# ........
#...#... ........ +...#..
##...... . ...#.# ........
..#####'##.# ........
.......e...# ........
......#@...# ........
...........##
........#.....#......#
........#...........##
....................##
.....................###
......8.......#....#...##
....8.........#..###....##
......8.......#).........#


You could see Duvessa (berserk, combustible).

Vanquished Creatures
  Dowan (D:4)
  An iguana (D:4)
  2 adders (D:4)
  4 gnolls (D:2)
  3 worms
  2 dart slugs
  8 ball pythons
  6 bats
  5 endoplasms
  3 giant cockroaches
  8 hobgoblins
  4 jackals (D:2)
  8 kobolds
  A quokka (D:3)
  6 goblins
  8 rats
70 creatures vanquished.

Vanquished Creatures (others)
  199 foxfires
199 creatures vanquished.

Grand Total: 269 creatures vanquished

Notes
Turn   | Place    | Note
-------+----------+-------------------------------------------
     0 | D:1      | croobank the Demigod Fire Elementalist began the quest for
                  | the Orb.
     0 | D:1      | Reached XP level 1. HP: 14/14 MP: 5/5
    94 | D:1      | Reached skill level 1 in Conjurations
   274 | D:1      | Reached XP level 2. HP: 20/20 MP: 2/7
   326 | D:1      | Learned a level 2 spell: Scorch
  1558 | D:2      | Reached skill level 3 in Fire Magic
  1558 | D:2      | Reached XP level 3. HP: 16/27 MP: 1/8
  1745 | D:2      | Learned a level 3 spell: Inner Flame
  2128 | D:2      | Reached skill level 1 in Fighting
  2199 | D:2      | Reached XP level 4. HP: 35/35 MP: 3/10
  4242 | D:4      | Reached XP level 5. HP: 40/40 MP: 3/11
  4434 | D:4      | Noticed Duvessa
  4434 | D:4      | Noticed Dowan
  4449 | D:4      | Killed Dowan
  4450 | D:4      | Reached skill level 1 in Armour
  4536 | D:4      | Slain by Duvessa

Illustrated notes

Levels and vault maps discovered:
D:1:      saegor_arrival_simple_b, layout_basic, roderic_lattice_a
D:2:      layout_basic, shapermc_ecumenical_altar_notcrosses,
          serial_bayou_crossing
D:3:      layout_loops_ring, cheibrodos_worm_habitat
D:4:      dreamdust_elfheim, layout_cave_pools, minmay_misc_feat_pillars,
          kennysheep_generic_room_5

Skill      XL: |  1  2  3  4  5 |
---------------+----------------+-----
Conjurations   | 1 2 |  2.0
Stealth        | 2 |  2.6
Spellcasting   | 2 |  2.5
Dodging        | 2 |  2.6
Fire Magic     | 3 |  3.3
Fighting       | 1 |  1.5
Armour         | 1 |  1.2

Action                     |  1- 3 |  4- 6 || total
---------------------------+-------+-------++-------
  Melee: Unarmed           |     2 |       ||     2
         Dagger            |    19 |     9 ||    28
   Cast: Foxfire           |    63 |    55 ||   118
         Scorch            |    17 |    34 ||    51
    Use: Scroll            |     1 |       ||     1
         Potion            |       |     1 ||     1
 Armour: Robe              |    21 |     1 ||    22
         Leather armour    |       |    16 ||    16
  Dodge: Dodged            |    21 |    15 ||    36

Table legend: (Time is in decaauts)
 A = Elapsed time spent in this place.
 B = Non-inter-level travel time spent in this place.
 C = Inter-level travel time spent in this place.
 D = Time resting spent in this place.
 E = Time spent auto-exploring this place.
 F = Levels seen in this place.
 G = Mean time per level.
                   A        B        C        D        E       F      G
               +--------+--------+--------+--------+--------+-----+--------+
         Total |   4550 |   4473 |     77 |   1069 |   2797 |   4 | 1137.5 |
       Dungeon |   4550 |   4473 |     77 |   1069 |   2797 |   4 | 1137.5 |
               +--------+--------+--------+--------+--------+-----+--------+

Top non-repeatable levels by time:
     D:1: 1540 daAuts
     D:2: 1333 daAuts
     D:3: 1085 daAuts
     D:4: 591 daAuts
